 Dungeon Sprint DCSS version 0.30-a0-605-gb2882149bf (webtiles) character file.

Game seed: 7479819511245658215

348 NinjaNoafa the Grappler (level 6, -17/67 HPs)
             Began as a Troll Fighter on Jan 7, 2023.
             Was a High Priest of Wu Jian.
             Demolished by a tyrant leech (28 damage)
             ... in the Dungeon (Sprint VII: "The Pits").
             The game lasted 00:02:40 (341 turns).

NinjaNoafa the Grappler (Troll Fighter)              Turns: 341, Time: 00:02:40

Health: -17/67     AC:  4    Str: 25      XL:     6   Next: 33%
Magic:  5/5        EV: 10    Int:  4      God:    Wu Jian [*****.]
Gold:   0          SH:  8    Dex: 10 (11) Spells: 5/5 levels left

rFire   . . .      SeeInvis .      - Unarmed
rCold   . . .      Faith    .    b - +0 kite shield
rNeg    . . .      Spirit   .    a - +0 robe
rPois   .          Reflect  .    (helmet restricted)
rElec   .          Harm     .    (no cloak)
rCorr   .          Rampage  .    (gloves unavailable)
Will    .....      NoTele   +    (boots unavailable)
Stlth   +                        (no amulet)
HPRegen 1.11/turn                (no ring)
MPRegen 0.09/turn                (no ring)

@: mighty, on berserk cooldown, slowed, very slow
A: large, unfitting armour, claws 3, regeneration 1, shaggy fur 1, tough skin 1
a: Renounce Religion, Wall Jump, Serpent's Lash, Heavenly Storm


You were in the Dungeon.
You worshipped Wu Jian.
Wu Jian was extremely pleased with you.
You visited 1 branch

Inventory:

Armour
 a - a +0 robe (worn)
 b - a +0 kite shield (worn)
Scrolls
 i - a scroll of blinking
 k - 5 scrolls of amnesia
 l - a scroll of summoning
 m - 2 scrolls of vulnerability
Potions
 d - 6 potions of curing
 e - 3 potions of heal wounds
 f - 2 potions of haste
 g - 4 potions of magic
 h - 2 potions of berserk rage
 j - 2 potions of invisibility


   Skills:
 - Level 6.0 Fighting
 - Level 6.0 Dodging
 - Level 6.0 Shields
 + Level 8.3 Unarmed Combat


You had 5 spell levels left.
You didn't know any spells.
Your spell library was empty.

Dungeon Overview and Level Annotations

Branches:
Dungeon (1/1)

Altars:
Ashenzari
Cheibriados
Dithmenos
Elyvilon
Fedhas
Gozag
Hepliaklqana
Kikubaaqudgha
Makhleb
Nemelex Xobeh
Okawaru
Qazlal
Ru
Sif Muna
Trog
Uskayaw
Vehumet
Wu Jian
Xom
Yredelemnul
Zin
The Shining One
Jiyva
Lugonu

Annotations:
D Pargi


Innate Abilities, Weirdness & Mutations

You are too large for most types of armour.
You have claws for hands.
Your natural rate of healing is unusually fast.
You are covered in fur. (AC +1)
You have tough skin. (AC +1)


Message History

The fire bat barely misses you. The tyrant leech bites you.
The tyrant leech draws strength from your injuries!
You scratch the fire bat.
The fire bat is severely wounded.
The fire bat bites you but does no damage.
Pargi closely misses you. x2; Pargi barely misses you.
You block Pargi's attack. Pargi claws you but does no damage.
You block Pargi's attack. The tyrant leech barely misses you.
You scratch the fire bat but do no damage.
The fire bat is severely wounded.
You block the fire bat's attack. Pargi closely misses you. x2
Pargi claws you. You block the tyrant leech's attack.
The fire bat bites you but does no damage.
The fire bat bites you.
You are engulfed in flames!
* * * LOW HITPOINT WARNING * * *
The fire bat bites you.
* * * LOW HITPOINT WARNING * * *
You are engulfed in flames.
* * * LOW HITPOINT WARNING * * *
There is an open door, spattered with blood here.
You see here a +0 whip.
You feel much better. The fire bat bites you.
You are engulfed in flames.
You block the tyrant leech's attack.
You feel much better. You block the fire bat's attack.
The tyrant leech bites you!!
The tyrant leech draws strength from your injuries!
You feel very mighty all of a sudden. You block the fire bat's attack.
You block the tyrant leech's attack.
You miss the fire bat.
The fire bat is severely wounded.
The fire bat bites you.
You are engulfed in flames.
You block the tyrant leech's attack. The fire bat bites you.
You are engulfed in flames!
* * * LOW HITPOINT WARNING * * *
You feel much better. The fire bat misses you. The fire bat barely misses you.
The tyrant leech bites you!!
* * * LOW HITPOINT WARNING * * *
The tyrant leech draws strength from your injuries!
The tyrant leech bites you!!
You die...

#.#........##.......#
#'###########.......#
#.......# #########
#..)....# #####
#...#...# ....#
#..###..#+#....#
#...#.b.#T'....+
#.......#w#....#
#.......@.#....#
################


You could see a tyrant leech, Pargi and a fire bat.

Vanquished Creatures
  A phantom (D)
  A gnoll sergeant (D)
  A scorpion (D)
  A quasit (D)
  Terence (D)
  2 adders (D)
  5 gnolls (D)
  3 river rats (D)
  A bat skeleton (D)
  An endoplasm (D)
  A giant cockroach (D)
  2 hobgoblins (D)
  A jackal (D)
  A kobold (D)
22 creatures vanquished.

Notes
Turn   | Place    | Note
-------+----------+-------------------------------------------
     0 | D        | NinjaNoafa the Troll Fighter began the quest for the Orb.
     0 | D        | Reached XP level 1. HP: 22/22 MP: 0/0
    34 | D        | Found a glowing golden altar of the Shining One.
    34 | D        | Found a glowing silver altar of Zin.
    34 | D        | Found a basalt altar of Yredelemnul.
    34 | D        | Found a shimmering altar of Xom.
    34 | D        | Found an ornate altar of the Wu Jian Council.
    34 | D        | Found a bloodstained altar of Trog.
    34 | D        | Found a shimmering blue altar of Sif Muna.
    34 | D        | Found a sacrificial altar of Ru.
    34 | D        | Found a stormy altar of Qazlal.
    34 | D        | Found an iron altar of Okawaru.
    34 | D        | Found a sparkling altar of Nemelex Xobeh.
    34 | D        | Found a burning altar of Makhleb.
    34 | D        | Found a viscous altar of Jiyva.
    34 | D        | Found a hazy altar of Hepliaklqana.
    34 | D        | Found an opulent altar of Gozag.
    34 | D        | Found a blossoming altar of Fedhas.
    34 | D        | Found a white marble altar of Elyvilon.
    34 | D        | Found a shadowy altar of Dithmenos.
    34 | D        | Found a snail-covered altar of Cheibriados.
    35 | D        | Found a radiant altar of Vehumet.
    35 | D        | Found a corrupted altar of Lugonu.
    36 | D        | Found a hide-covered altar of Uskayaw.
    36 | D        | Found an ancient bone altar of Kikubaaqudgha.
    36 | D        | Found a broken altar of Ashenzari.
    46 | D        | Became a worshipper of the Wu Jian Council
    69 | D        | Reached skill level 3 in Unarmed Combat
    69 | D        | Reached XP level 2. HP: 31/31 MP: 1/1
    71 | D        | Noticed a scorpion
    79 | D        | Reached * piety under Wu Jian
    81 | D        | Killed a scorpion
    82 | D        | Reached skill level 4 in Unarmed Combat
    82 | D        | Reached XP level 3. HP: 17/39 MP: 2/2
    82 | D        | Reached XP level 4. HP: 21/48 MP: 3/3
   126 | D        | Reached ** piety under Wu Jian
   185 | D        | Noticed a phantom
   203 | D        | Killed a phantom
   204 | D        | Reached skill level 5 in Fighting
   204 | D        | Reached skill level 5 in Dodging
   204 | D        | Reached skill level 5 in Shields
   204 | D        | Reached skill level 5 in Unarmed Combat
   204 | D        | Reached XP level 5. HP: 51/57 MP: 4/4
   216 | D        | Noticed Terence
   228 | D        | Reached *** piety under Wu Jian
   246 | D        | Reached skill level 6 in Unarmed Combat
   247 | D        | Reached **** piety under Wu Jian
   285 | D        | Killed Terence
   286 | D        | Reached XP level 6. HP: 64/67 MP: 5/5
   288 | D        | Reached ***** piety under Wu Jian
   309 | D        | Reached skill level 8 in Unarmed Combat
   324 | D        | Noticed Pargi
   324 | D        | Noticed a fire bat
   325 | D        | Noticed a tyrant leech
   341 | D        | Demolished by a tyrant leech

Illustrated notes

Levels and vault maps discovered:
D:        pitsprint [storerooms_1, entrance_room_1, metal_vault_1, armoury_1,
          mini_pit_1, grid_room_1, main_hall_1, silver_pit, the_coven_2,
          the_vestibule_1, steel_vault_2, golden_pit, hallway_of_sentries,
          crystal_vault_2, iron_vault_5, final_vault]

Skill      XL: |  1  2  3  4  5  6 |
---------------+-------------------+-----
Shields        | 3 4 5 6 |  6.0
Fighting       | 3 4 5 6 |  6.0
Dodging        | 3 4 5 6 |  6.0
Unarmed Combat | 3 4 5 6 8 |  8.3

Action                   |  1- 3 |  4- 6 || total
-------------------------+-------+-------++-------
Melee: Unarmed           |    16 |    86 ||   102
Invok: Lunge             |       |     3 ||     3
       Whirlwind         |       |     2 ||     2
 Abil: Wall Jump         |       |     8 ||     8
  Use: Potion            |       |     5 ||     5
 Stab: Sleeping          |     1 |       ||     1
Armor: Robe              |     6 |    35 ||    41
Dodge: Dodged            |     7 |    58 ||    65
Block: Kite shield       |     3 |    51 ||    54

Table legend: (Time is in decaauts)
 A = Elapsed time spent in this place.
 B = Non-inter-level travel time spent in this place.
 C = Inter-level travel time spent in this place.
 D = Time resting spent in this place.
 E = Time spent auto-exploring this place.
 F = Levels seen in this place.
 G = Mean time per level.
                   A        B        C        D        E       F      G
               +--------+--------+--------+--------+--------+-----+--------+
         Total |    353 |    340 |     13 |      0 |     99 |   1 |  353.0 |
       Dungeon |    353 |    340 |     13 |      0 |     99 |   1 |  353.0 |
               +--------+--------+--------+--------+--------+-----+--------+

Top non-repeatable levels by time:
       D: 353 daAuts
